 Dungeon Crawl Stone Soup version 0.29-a0-885-gb26ba3297d (webtiles) character file.

Game seed: 14786579900636520911

208335 iguanaiguana the Warrior (level 19, -5/185 HPs)
             Began as a Meteoran Cinder Acolyte on July 20, 2022.
             Was a High Priest of Jiyva.
             Killed from afar by a guardian serpent (19 damage)
             ... with a bolt of poison
             ... on level 4 of the Snake Pit on July 21, 2022.
             The game lasted 02:24:20 (13060 turns).

iguanaiguana the Warrior (Meteoran Cinder Acolyte) Turns: 13060, Time: 02:24:21

Health: -5/185     AC: 35    Str: 21    XL:     19   Next: 67%
Magic:  18/22      EV: 13    Int: 32    God:    Jiyva [*****.]
Gold:   1045       SH: 23    Dex:  8    Spells: 18/21 levels left

rFire   + . .      SeeInvis +   a - +8 broad axe (spect)
rCold   + + .      Faith    +   P - +0 tower shield
rNeg    . . .      Spirit   .   G - +10 plate armour of the King of the Hill {SInv Stlth+}
rPois   .          Reflect  .   y - +1 hat
rElec   +          Harm     .   V - +2 cloak
rCorr   +          Rampage  .   U - +2 pair of gloves {hurl}
Will    ++++.                   e - +0 pair of boots of Instinct {Will+ Str+2 Dex+3 Slay+6}
Stlth   ..........              w - amulet of faith
HPRegen 1.84/turn               L - ring "Itejutep" {rElec rF+ AC+4 Int+4 Dex-3}
MPRegen 0.63/turn               b - +4 ring of evasion

@: lethally poisoned (-5 -> -52), slimy, glowing, studying Short Blades
A: sense surroundings 3, otherworldly, glowing, explore regen, large bone plates
1, clever 2, cold resistance 2, strong-willed 1, screaming 1, acidic bite,
gelatinous body 3, pseudopods 1, translucent skin 1
}: 2/15 runes: decaying, slimy
a: Renounce Religion, Oozemancy, Slimify


You were on level 4 of the Snake Pit.
You worshipped Jiyva.
Jiyva was extremely pleased with you.
You visited 6 branches of the dungeon, and saw 33 of its levels.
You also visited: Ice Cave.

You collected 1963 gold pieces.
You spent 918 gold pieces at shops.

Inventory:

Hand Weapons
 a - a +8 spectral broad axe (weapon)
 N - the +6 whip of Defenestration {vorpal, rF- Str+3 Dex+6}
   (You found it on level 5 of the Pits of Slime)

   It inflicts extra damage upon your enemies.
   Str:       It affects your strength (+3).
   Dex:       It affects your dexterity (+6).
   rF:        It makes you vulnerable to fire.
Missiles
 C - 2 boomerangs (quivered)
 H - 18 poisoned darts
 X - 4 javelins
Armour
 e - the +0 pair of boots of Instinct (worn) {Will+ Str+2 Dex+3 Slay+6}
   (You acquired it on level 3 of the Swamp)

   Str:       It affects your strength (+2).
   Dex:       It affects your dexterity (+3).
   Slay:      It affects your accuracy & damage with ranged weapons and melee
   (+6).
   Will:      It increases your willpower.
 q - a +0 tower shield of protection
 y - a +1 hat (worn)
 G - the +10 plate armour of the King of the Hill (worn) {SInv Stlth+}
   (You found it on level 5 of the Pits of Slime)

   SInv:      It lets you see invisible.
   Stlth:     It makes you more stealthy.
 P - a +0 tower shield (worn)
 U - a +2 pair of gloves of hurling (worn)
 V - a +2 cloak (worn)
Magical Staves
 g - a staff of death
 I - a staff of cold
Jewellery
 b - a +4 ring of evasion (right hand)
 c - a ring of see invisible
 n - a ring of positive energy
 r - a ring of flight
 w - an amulet of faith (around neck)
 D - a ring of willpower
 L - the ring "Itejutep" (left hand) {rElec rF+ AC+4 Int+4 Dex-3}
   (You found it on level 5 of the Pits of Slime)

   [ring of protection]

   AC:        It affects your AC (+4).
   Int:       It affects your intelligence (+4).
   Dex:       It affects your dexterity (-3).
   rF:        It protects you from fire.
   rElec:     It insulates you from electricity.
 O - a ring of protection from fire
Wands
 j - a wand of flame (21)
 k - a wand of polymorph (16)
 o - a wand of roots (2)
 x - a wand of charming (25)
Scrolls
 d - a scroll of silence
 f - 5 scrolls of immolation
 h - 4 scrolls of teleportation {@r3}
 m - 3 scrolls of magic mapping {@r5}
 t - a scroll of enchant armour
 u - a scroll of blinking {@r4}
 v - a scroll of fear
 A - a scroll of fog
 F - 6 scrolls of poison
 J - 3 scrolls of vulnerability
 M - a scroll of summoning {unknown}
Potions
 l - 3 potions of attraction
 p - 2 potions of might {@q3}
 s - 2 potions of cancellation {unknown}
 z - a potion of resistance {@q5}
 B - 5 potions of mutation
 E - 2 potions of brilliance
 Q - a potion of lignification {unknown}
 W - a potion of ambrosia {unknown}
Miscellaneous
 S - a phial of floods (inert)
 T - a tin of tremorstones (2/2)
 Z - a phantom mirror (inert)


   Skills:
 - Level 20.0 Fighting
 - Level 16.4(18.0) Axes
 - Level 13.2(17.2) Maces & Flails
 - Level 12.0 Throwing
 - Level 10.0 Armour
 - Level 4.1 Dodging
 + Level 18.9 Shields
 - Level 1.6 Spellcasting
 - Level 2.0 Translocations
 - Level 6.0 Fire Magic
 - Level 4.0 Evocations


You had 18 spell levels left.
You knew the following spells:

 Your Spells              Type           Power      Damage    Failure   Level
a - Scorch                Fire           82%        2d9       34%         2
b - Apportation           Tloc           30%        N/A       75%         1

Your spell library contained the following spells:

 Spells                   Type           Power      Damage    Failure   Level
 Ozocubu's Armour         Ice            2%         N/A       100%        3
 Hailstorm                Conj/Ice       2%         3d3       100%        4
 Ice Form                 Ice/Tmut       2%         N/A       100%        4
 Alistair's Intoxication  Tmut/Pois      1%         N/A       100%        5
 Freezing Cloud           Conj/Ice/Air   1%         6-21      100%        5
 Simulacrum               Ice/Necr       1%         N/A       100%        6
 Ozocubu's Refrigeration  Ice            1%         4d5       100%        7
 Polar Vortex             Ice            1%         N/A       100%        9


Dungeon Overview and Level Annotations

Branches:
Dungeon (13/15) Zot: 2544  Temple (0/1) D:7            Lair (5/5) D:11 Zot: 134
  Swamp (4/4) Lair:3 Zot: 961   Snake (4/4) Lair:2 Zot: 940   Slime (5/5) Lair:4 Zot: 2835
    Orc (2/2) D:9 Zot: 31     Elf (0/3) Orc:2         IceCv (visited)
 Vaults: D:13-14

Altars:
Makhleb
Nemelex Xobeh
Okawaru
Vehumet
Zin
The Shining One
Jiyva

Shops:
D:4 *   D:10 [   D:12 *:   Orc:2 [***   Snake:3 :=:

Annotations:
D:5 exclusion: statue
D:9 3 runed translucent doors, seaofthunder's ghost, novice HOFi
Slime:5 Royal Jelly


Innate Abilities, Weirdness & Mutations

You passively map a large area around you.
You are easily found by Zot.
You glow in the dark.
You regain HP and MP as you explore.
You are partially covered in large bone plates. (SH +4)
Your mind is very acute. (Int +8, Str/Dex -2)
Your flesh is very cold resistant. (rC++)
You are strong-willed. (Will+)
You occasionally shout uncontrollably at your foes.
You have acidic saliva.
Your gelatinous body deflects attacks. (AC +3, EV +3)
Armour fits poorly on your pseudopods.
Your translucent skin slightly reduces your foes' accuracy. (Stealth+)


Message History

The bolt of poison hits you!!
You are more poisoned.
A nagaraja comes into view. It is wielding a +0 whip.
You see here a guardian serpent corpse.
You slash the naga warrior!
You kill the naga warrior!
You feel very sick.
You hit the guardian serpent.
You bludgeon the guardian serpent, but do no damage.
The guardian serpent is moderately wounded.
Your +8 spectral broad axe hits the guardian serpent!
You stop calling forth ooze.
You feel very sick. The nagaraja casts a spell at you.
The poison arrow hits you!!!
You are more poisoned.
* * * LOW HITPOINT WARNING * * *
You hear a shout!
You slash the guardian serpent! You bludgeon the guardian serpent.
The guardian serpent is almost dead.
Your +8 spectral broad axe barely misses the guardian serpent.
You feel very sick.
The guardian serpent casts a spell at you.
The nagaraja blinks!
A thick mucus forms on your +8 spectral broad axe.
You feel extremely sick.
The nagaraja gestures at you while chanting.
The bolt of poison hits you!!
You are more poisoned.
* * * LOW HITPOINT WARNING * * *
You feel much better.
You feel extremely sick.
The guardian serpent coils itself and waves its upper body at you.
The bolt of poison hits you!
You are lethally poisoned!
* * * LOW HITPOINT WARNING * * *
The guardian serpent casts a spell at you.
The bolt of poison hits you!!
You are more poisoned.
You die...

, ##.....).....## , #....# ###...
##...).....)...## ,#....###.....
,#....######)....#, #....##.....#
##...##, ,,###...## #....#.....##
#...##, , ,#....# #.........##.
#...# ,, ,##...# #.....[).##..
...## ,, ,#.§.# #.......##...
...# , , ,#N§.# #....J.##....
..)# , , #S@.###.....###...#
...#, , #..)###.....###...## .))#
**#....##......# #...#. ...##,,,
*#....##.......# #...#. #...# ,
,.....##........# #...## #...##
.....##.........# #..[)#
##...###.....##.....#....####.).#
#.....#######.....##....#..#....
,##......J........###....#..##...


You could see a nagaraja (strong) and a guardian serpent.

Vanquished Creatures
  Mara (Snake:4)
  A shard shrike (IceCv)
  Saint Roka (Snake:3)
  A tentacled monstrosity (Swamp:3)
  2 thorn hunters
  Gastronok (D:8)
  10 nagarajas
  Aizul (Snake:3)
  An orc warlord (Orc:2)
  6 eleionomae
  A white draconian (IceCv)
  4 bunyips
  A fire dragon (Lair:5)
  3 boulder beetles
  2 salamander tyrants
  19 hydras
  A spriggan air mage (Swamp:4)
  3 ghost crabs
  4 anacondas
  4 two-headed ogres (Orc:2)
  2 ironbound frosthearts (IceCv)
  9 alligators
  11 naga warriors
  2 death yaks (Lair:3)
  4 orc high priests
  2 spriggan berserkers
  2 shock serpents
  Urug (Lair:5)
  6 naga sharpshooters
  A fire crab (Lair:5)
  6 goliath frogs
  2 salamander mystics (Snake:4)
  3 spriggan druids
  A steelbarb worm (Snake:2)
  13 swamp dragons
  2 naga ritualists
  4 phantasmal warriors (Snake:3)
  2 orb spiders
  An orange crystal statue (IceCv)
  4 bog bodies
  2 lindwurms (Lair:5)
  2 orc knights (Orc:2)
  8 mana vipers
  3 will-o-the-wisps
  A wolf spider (Lair:5)
  16 ugly things (IceCv)
  4 orc sorcerers
  2 manticores (D:12)
  7 salamanders
  9 elephants
  A cyclops (D:9)
  24 black mambas
  Joseph (D:7)
  5 guardian serpents
  7 naga magi
  7 cane toads
  2 gargoyles
  5 torpor snails (Lair:5)
  The ghost of IAmLegend20 the Slasher, a novice DsGl (D:4)
  18 rime drakes
  An unseen horror (D:10)
  Maggie (D:8)
  A spectral naga (Snake:3)
  6 komodo dragons
  A red devil (D:13)
  8 trolls
  A bloated husk (Swamp:1)
  10 tyrant leeches
  20 polar bears
  22 hornets
  5 blink frogs (Lair:5)
  A wandering mushroom (Lair:4)
  4 dream sheep (Lair:5)
  2 wraiths (D:12)
  15 spriggans
  Eustachio (D:3)
  11 wyverns
  30 yaks
  5 basilisks
  19 fire elementals
  6 redbacks
  7 wargs
  11 vampire mosquitoes
  12 swamp worms
  2 acid dragons
  18 nagas
  16 water moccasins
  A hell hound (D:12)
  10 swamp drakes
  An ice beast (D:7)
  35 orc warriors
  2 black bears
  10 ogres
  23 wolves
  5 centaurs
  A kobold brigand (D:9)
  14 bullfrogs
  2 necrophages
  2 scorpions
  3 wights
  A ballistomycete (Lair:4)
  14 killer bees
  4 howler monkeys
  A jelly (D:5)
  5 hounds
  3 iron imps (D:3)
  26 orc priests
  8 orc wizards
  8 adders
  A white imp (D:7)
  4 worms
  A dart slug (D:3)
  105 orcs
  4 ball pythons (D:1)
  9 endoplasms
  A giant cockroach (D:1)
  2 goblins (D:3)
  6 hobgoblins
  9 jackals
  2 quokkas
  8 bats
  5 frilled lizards
  9 kobolds
  10 rats
  A ballistomycete spore (Lair:4)
  6 briar patches (Swamp:2)
868 creatures vanquished.

Vanquished Creatures (collateral kills)
  2 hydras
  A dream sheep (Lair:5)
  2 wyverns (Lair:5)
5 creatures vanquished.

Vanquished Creatures (others)
  An orc high priest (Orc:2)
  A polar bear (IceCv)
  A hornet (Swamp:1)
  A wyvern (Lair:5)
  A wraith (D:12)
  A hell hound (D:12)
  An orc warrior (Orc:2)
  2 swamp drakes
  50 jellies
  An electric eel (Lair:5)
  3 orc priests (Orc:2)
  4 orc wizards (Orc:2)
  16 orcs
  A briar patch (Swamp:2)
  2 bushes
  A demonic plant (D:1)
  52 foxfires
  43 fungi
  98 plants
  2 withered plants (D:1)
282 creatures vanquished.

Grand Total: 1155 creatures vanquished

Notes
Turn   | Place    | Note
-------+----------+-------------------------------------------
     0 | D:1      | iguanaiguana the Meteoran Cinder Acolyte began the quest
                  | for the Orb.
     0 | D:1      | Reached XP level 1. HP: 19/19 MP: 3/3
    70 | D:1      | Reached XP level 2. HP: 20/26 MP: 5/5
    86 | D:1      | Learned a level 2 spell: Scorch
   114 | D:1      | Reached XP level 3. HP: 31/31 MP: 4/6
   208 | D:1      | Found a faded altar of an unknown god.
   337 | D:2      | Reached skill level 5 in Fire Magic
   337 | D:2      | Reached XP level 4. HP: 38/38 MP: 0/7
   508 | D:3      | Noticed a scorpion
   752 | D:2      | Reached XP level 5. HP: 43/45 MP: 1/8
   922 | D:4      | Noticed Eustachio
   922 | D:4      | Found Fywnyofie's Lightly-Used Armoury.
   937 | D:3      | Reached skill level 1 in Armour
   937 | D:3      | Reached skill level 1 in Dodging
  1010 | D:3      | Killed Eustachio
  1011 | D:3      | Reached skill level 5 in Axes
  1011 | D:3      | Reached XP level 6. HP: 12/51 MP: 2/9
  1043 | D:3      | Learned a level 1 spell: Apportation
  1085 | D:3      | Reached skill level 1 in Translocations
  1122 | D:3      | Reached XP level 7. HP: 57/57 MP: 8/10
  1151 | D:3      | Found a sparkling altar of Nemelex Xobeh.
  1151 | D:3      | Found a glowing silver altar of Zin.
  1151 | D:3      | Found a glowing golden altar of the Shining One.
  1450 | D:3      | Found a burning altar of Makhleb.
  1644 | D:4      | Found a runed translucent gate.
  1644 | D:4      | Found a runed translucent gate.
  1645 | D:4      | Found a runed translucent gate.
  1645 | D:4      | Noticed IAmLegend20's ghost (novice DsGl)
  1691 | D:4      | Killed IAmLegend20's ghost
  1692 | D:4      | Reached skill level 4 in Fighting
  1692 | D:4      | Reached XP level 8. HP: 44/67 MP: 0/11
  1769 | D:4      | Noticed Ijyb
  1771 | D:4      | Noticed Ijyb
  1771 | D:4      | Ijyb changed into Ijyb the ogre
  1776 | D:4      | Killed Ijyb the ogre
  1777 | D:4      | Reached skill level 5 in Fighting
  1790 | D:5      | Entered Level 5 of the Dungeon
  1844 | D:5      | Reached skill level 6 in Fighting
  1845 | D:5      | Reached skill level 1 in Evocations
  1874 | D:5      | Found a radiant altar of Vehumet.
  1980 | D:7      | Gained mutation: You passively map the area around you.
                  | [Meteoran growth]
  1980 | D:7      | Reached XP level 9. HP: 75/75 MP: 7/12
  2038 | D:7      | Found a staircase to the Ecumenical Temple.
  2084 | D:7      | Noticed Joseph
  2106 | D:7      | Killed Joseph
  2272 | D:8      | Noticed a komodo dragon
  2273 | D:8      | a komodo dragon changed into an acid dragon
  2275 | D:8      | Noticed Gastronok
  2299 | D:8      | Killed Gastronok
  2300 | D:8      | Reached XP level 10. HP: 55/83 MP: 2/13
  2365 | D:8      | Reached skill level 5 in Armour
  2602 | D:9      | Found a runed translucent gate.
  2602 | D:9      | Found a runed translucent gate.
  2603 | D:9      | Found a runed translucent gate.
  2609 | D:9      | Noticed a rime drake
  2609 | D:9      | a hornet changed into a rime drake
  2611 | D:9      | Killed a rime drake
  2613 | D:9      | Noticed a spectral centaur warrior
  2613 | D:9      | Noticed a spectral centaur warrior
  2617 | D:9      | Noticed seaofthunder's ghost (novice HOFi)
  2617 | D:9      | Noticed a spectral centaur warrior
  2641 | D:8      | Noticed Maggie
  2654 | D:8      | Killed Maggie
  2729 | D:7      | Identified the +12 sling of the Heavens {venom, Drain rN+
                  | Int+6}
  2786 | D:7      | Reached XP level 11. HP: 84/89 MP: 14/14
  2859 | D:7      | Reached skill level 5 in Maces & Flails
  3192 | D:10     | Entered Level 10 of the Dungeon
  3242 | D:9      | Noticed a cyclops
  3259 | D:9      | Killed a cyclops
  3297 | D:9      | Reached skill level 1 in Throwing
  3588 | D:10     | Reached skill level 5 in Throwing
  3660 | D:10     | Found Fotwoc's Antique Armour Emporium.
  3919 | D:10     | HP: 3/91 [vampire mosquito (4)]
  3946 | D:11     | Identified the +10 plate armour "Sino" {Int+2}
  3968 | D:11     | Found a staircase to the Lair.
  3979 | Lair:1   | Entered Level 1 of the Lair of Beasts
  4025 | Lair:1   | Reached skill level 7 in Fighting
  4082 | Lair:1   | Noticed a seven-headed hydra
  4099 | Lair:1   | Killed a seven-headed hydra
  4100 | Lair:1   | Reached skill level 8 in Fighting
  4100 | Lair:1   | Reached XP level 12. HP: 72/101 MP: 15/15
  4258 | Lair:2   | Reached skill level 9 in Fighting
  4261 | Lair:2   | Reached skill level 10 in Maces & Flails
  4352 | Lair:2   | Noticed a five-headed hydra
  4360 | Lair:2   | Killed a five-headed hydra
  4404 | Lair:2   | Noticed a four-headed hydra
  4437 | Lair:2   | Reached skill level 10 in Fighting
  4444 | Lair:2   | Killed a four-headed hydra
  4787 | Lair:4   | Reached XP level 13. HP: 98/113 MP: 16/16
  4817 | Lair:4   | Found a staircase to the Slime Pits.
  4817 | Lair:4   | Found a viscous altar of Jiyva.
  4867 | Lair:4   | Fell from the grace of Ignis
  4867 | Lair:4   | Became a worshipper of Jiyva Jeckiune the Shapeless
  5164 | Lair:3   | Reached * piety under Jiyva
  5244 | Lair:3   | Noticed a death yak
  5244 | Lair:3   | Noticed a death yak
  5296 | Lair:3   | Killed a death yak
  5297 | Lair:3   | Reached skill level 10 in Armour
  5308 | Lair:3   | Killed a death yak
  5367 | Lair:3   | Noticed a death yak
  5367 | Lair:3   | Noticed a death yak
  5396 | Lair:3   | Reached skill level 11 in Fighting
  5401 | Lair:3   | Noticed a death yak
  5403 | Lair:3   | Noticed a death yak
  5425 | Lair:3   | Reached ** piety under Jiyva
  5457 | Lair:2   | Found a staircase to the Snake Pit.
  5670 | Lair:1   | Reached *** piety under Jiyva
  5849 | D:11     | Noticed a boulder beetle
  5861 | D:11     | Reached skill level 1 in Shields
  5869 | D:11     | Killed a boulder beetle
  5999 | D:12     | Found Ogyix's Self-Improvement Boutique.
  6049 | D:12     | Reached skill level 5 in Shields
  6057 | D:12     | Gained mutation: Your flesh is cold resistant. (rC+)
                  | [Jiyva's grace]
  6057 | D:12     | Gained mutation: Your flesh is very cold resistant. (rC++)
                  | [Jiyva's grace]
  6057 | D:12     | Gained mutation: Your flesh is almost immune to the effects
                  | of cold. (rC+++) [Jiyva's grace]
  6057 | D:12     | Gained mutation: Your body has grown eyes which may confuse
                  | attackers. (Acc +3) [Jiyva's grace]
  6116 | D:12     | Found Kopem's General Store.
  6133 | D:12     | Identified the +1 ring mail "Usishraj" {*Slow rElec rPois
                  | Int+2}
  6175 | D:12     | Noticed Snorg
  6179 | D:12     | Noticed Snorg
  6179 | D:12     | Snorg changed into Snorg the orb spider
  6185 | D:12     | Killed Snorg the orb spider
  6186 | D:12     | Reached XP level 14. HP: 125/125 MP: 17/17
  6204 | D:13     | Noticed Azrael
  6259 | D:12     | Reached **** piety under Jiyva
  6412 | D:13     | Noticed Azrael
  6412 | D:13     | Azrael changed into Azrael the red devil
  6418 | D:13     | Killed Azrael the red devil
  6894 | D:9      | Found a staircase to the Orcish Mines.
  6903 | Orc:1    | Entered Level 1 of the Orcish Mines
  6956 | Orc:1    | Found an iron altar of Okawaru.
  7017 | Orc:2    | Entered Level 2 of the Orcish Mines
  7097 | Orc:2    | Reached skill level 10 in Shields
  7532 | Orc:2    | Noticed an orc warlord
  7556 | Orc:2    | Killed an orc warlord
  7599 | Orc:2    | Found Xionic's Armour Shoppe.
  7625 | Orc:2    | Bought a +2 pair of gloves of hurling for 258 gold pieces
  7687 | Orc:2    | Found Aterysao's General Store.
  7696 | Orc:2    | Bought a scroll of immolation for 48 gold pieces
  7870 | Orc:2    | Lost mutation: Your flesh is almost immune to the effects
                  | of cold. (rC+++) [Jiyva's grace]
  7870 | Orc:2    | Gained mutation: You are partially covered in large bone
                  | plates. (SH +4) [Jiyva's grace]
  7870 | Orc:2    | Gained mutation: You are mostly covered in large bone
                  | plates. (SH +6) [Jiyva's grace]
  7870 | Orc:2    | Gained mutation: You are completely covered in large bone
                  | plates. (SH +8) [Jiyva's grace]
  7870 | Orc:2    | Gained mutation: You are strong-willed. (Will+) [Jiyva's
                  | grace]
  7901 | Orc:2    | Found Ocketergh's General Store.
  7926 | Orc:2    | Found Ovoetuop's Assorted Antiques.
  8014 | Orc:2    | Glimpsed the power of Zot.
  8064 | Orc:2    | Glimpsed the power of Zot.
  8213 | Snake:1  | Entered Level 1 of the Snake Pit
  8270 | Snake:1  | Reached XP level 15. HP: 127/132 MP: 18/18
  8371 | Snake:2  | Reached skill level 12 in Fighting
  8805 | Lair:4   | You fall into a shaft and drop 1 floor!
  8805 | Lair:5   | Entered Level 5 of the Lair of Beasts
  8829 | Lair:5   | Noticed Urug
  8845 | Lair:5   | Killed Urug
  8954 | Lair:5   | Reached ***** piety under Jiyva
  9055 | Lair:5   | Lost mutation: You are completely covered in large bone
                  | plates. (SH +8) [Jiyva's grace]
  9055 | Lair:5   | Lost mutation: Your body has grown eyes which may confuse
                  | attackers. (Acc +3) [Jiyva's grace]
  9055 | Lair:5   | Gained mutation: Your mind is acute. (Int +4, Str/Dex -1)
                  | [Jiyva's grace]
  9055 | Lair:5   | Gained mutation: Your mind is very acute. (Int +8, Str/Dex
                  | -2) [Jiyva's grace]
  9055 | Lair:5   | Gained mutation: You have acidic saliva. [Jiyva's grace]
  9055 | Lair:5   | Gained mutation: Your translucent skin slightly reduces
                  | your foes' accuracy. (Stealth+) [Jiyva's grace]
  9082 | Lair:5   | Reached skill level 15 in Axes
  9329 | Lair:5   | Reached XP level 16. HP: 141/141 MP: 19/19
  9441 | Lair:5   | Found a runed translucent door.
  9459 | Lair:5   | Reached skill level 13 in Fighting
  9732 | Lair:3   | Found a staircase to the Swamp.
  9745 | Swamp:1  | Entered Level 1 of the Swamp
  9759 | Swamp:1  | Reached skill level 15 in Shields
  9822 | Swamp:2  | Reached skill level 14 in Fighting
  9826 | Swamp:2  | Found a frozen archway.
  9832 | IceCv    | Entered an ice cave
  9942 | IceCv    | Noticed a shard shrike
  9973 | IceCv    | Killed a shard shrike
 10026 | IceCv    | Reached skill level 15 in Fighting
 10197 | IceCv    | Reached skill level 16 in Fighting
 10232 | IceCv    | Reached XP level 17. HP: 155/158 MP: 20/20
 10363 | IceCv    | Glimpsed the power of Zot.
 10419 | Swamp:2  | Reached skill level 17 in Fighting
 10481 | Swamp:2  | Noticed a thorn hunter
 10554 | Swamp:3  | Identified a scroll of acquirement
 10554 | Swamp:3  | Acquired the +0 pair of boots of Instinct {Will+ Str+2
                  | Dex+3 Slay+6}
 10591 | Swamp:3  | Reached skill level 18 in Fighting
 10602 | Swamp:4  | Entered Level 4 of the Swamp
 10774 | Swamp:4  | Noticed a thorn hunter
 11141 | Swamp:4  | Killed a thorn hunter
 11144 | Swamp:4  | Was forgiven by Ignis
 11153 | Swamp:4  | Gained mutation: You passively map a large area around you.
                  | [Meteoran growth]
 11153 | Swamp:4  | Reached XP level 18. HP: 173/173 MP: 21/21
 11262 | Swamp:4  | Got a decaying rune of Zot
 11322 | Swamp:4  | Reached skill level 10 in Throwing
 11333 | Swamp:4  | Lost mutation: You are mostly covered in large bone plates.
                  | (SH +6) [Jiyva's grace]
 11333 | Swamp:4  | Gained mutation: Your rubbery body absorbs attacks. (AC +1,
                  | EV +1) [Jiyva's grace]
 11333 | Swamp:4  | Gained mutation: Your pliable body absorbs attacks. (AC +2,
                  | EV +2) [Jiyva's grace]
 11333 | Swamp:4  | Gained mutation: Your gelatinous body deflects attacks. (AC
                  | +3, EV +3) [Jiyva's grace]
 11333 | Swamp:4  | Gained mutation: Armour fits poorly on your pseudopods.
                  | [Jiyva's grace]
 11452 | Swamp:3  | Noticed a tentacled monstrosity
 11459 | Swamp:3  | Killed a tentacled monstrosity
 11576 | Swamp:2  | Reached ****** piety under Jiyva
 11629 | Swamp:1  | Reached skill level 19 in Fighting
 11632 | Swamp:1  | Noticed a thorn hunter
 11643 | Swamp:1  | Killed a thorn hunter
 11810 | Slime:1  | Entered Level 1 of the Pits of Slime
 11810 | Slime:1  | Noticed an acid blob
 11839 | Slime:4  | Noticed an acid blob
 11844 | Slime:5  | Entered Level 5 of the Pits of Slime
 11855 | Slime:5  | Noticed an acid blob
 11859 | Slime:5  | Found a viscous altar of Jiyva.
 11860 | Slime:5  | Noticed an acid blob
 11862 | Slime:5  | Noticed an acid blob
 11863 | Slime:5  | Noticed the Royal Jelly
 11863 | Slime:5  | Noticed an acid blob
 11866 | Slime:5  | Noticed an acid blob
 11875 | Slime:5  | Identified the +10 plate armour of the King of the Hill
                  | {SInv Stlth+}
 11897 | Slime:5  | Identified the ring "Itejutep" {rElec rF+ AC+4 Int+4 Dex-3}
 11902 | Slime:5  | Identified the +6 whip of Defenestration {vorpal, rF- Str+3
                  | Dex+6}
 11914 | Slime:5  | Got a slimy rune of Zot
 12207 | Snake:3  | Noticed Aizul
 12218 | Snake:3  | Killed Aizul
 12219 | Snake:3  | Reached skill level 20 in Fighting
 12329 | Snake:3  | Gained mutation: You occasionally shout uncontrollably at
                  | your foes. [a neqoxec]
 12349 | Snake:3  | Noticed Saint Roka
 12373 | Snake:3  | Killed Saint Roka
 12436 | Snake:3  | Found Veolix's Book Boutique.
 12437 | Snake:3  | Found Kynibrai's Jewellery Emporium.
 12438 | Snake:3  | Found Baasch's Book Boutique.
 12445 | Snake:3  | Bought a +4 ring of evasion for 612 gold pieces
 12465 | Snake:4  | Entered Level 4 of the Snake Pit
 12474 | Snake:3  | Reached XP level 19. HP: 184/185 MP: 22/22
 12864 | Snake:4  | Noticed Mara
 12874 | Snake:4  | Killed Mara
 13060 | Snake:4  | Killed from afar by a guardian serpent

Illustrated notes

Levels and vault maps discovered:
D:1:      minmay_arrival_nine_rooms, layout_basic, shapermc_ecumenical_altar_gd,
          serial_forest, infiniplex_forest_straight_3,
          infiniplex_forest_lined_corner, infiniplex_forest_lined_3_way,
          infiniplex_forest_3_way, infiniplex_forest_end_2,
          infiniplex_forest_straight_4
D:2:      minmay_diamond_boxcup, layout_rooms
D:3:      layout_basic, demons_altar, gammafunk_temple_overflow_claw,
          dreamdust_wishing_well, nrook_campfire, minmay_vboxes
D:4:      gammafunk_steamed_eel, layout_loops_corners, bloody_trog,
          ebering_ghost_rock_garden, minmay_shop_damaged, uniq_eustachio,
          uniq_ijyb, uniq_duvessa
D:5:      layout_rooms, vehumet_statue
D:6:      minmay_inner_zag, layout_loops_ring, serial_shops,
          nicolae_shop_window_shopping, chequers_hall_statues_corner_a,
          uniq_edmund
D:7:      layout_loops_ring, temple_pool_b, uniq_joseph
D:8:      cheibrodos_helix_gallery, layout_layer_cave, uniq_maggie,
          uniq_gastronok
D:9:      layout_cave_pools, amethyst_overflow_temple_binary, hiddenorc1_lemuel,
          gammafunk_ghost_necromancy
D:10:     layout_roguey, serial_shops, kennysheep_little_box
D:11:     layout_rooms, lair_entry_dummy
D:12:     layout_basic, serial_shops, shop, minmay_misc_feat_x,
          nicolae_shop_self_help, uniq_snorg
D:13:     layout_cave_pools, david_vaults_5, kennysheep_generic_room_13,
          uniq_azrael
Lair:1:   layout_cave_pods, ebering_ghost_xom
Lair:2:   layout_roguey, minmay_snake_entry_guardpost_small, lemuel_fruit_tree
Lair:3:   layout_long_grid, swamp_mist_pool
Lair:4:   layout_regular_city, minmay_slime_entry_oklob_open, serial_rivers,
          chequers_serial_rivers_large_b, chequers_serial_rivers_large_a,
          chequers_serial_rivers_micro_c, chequers_serial_rivers_small_b,
          chequers_serial_rivers_room_a, chequers_serial_rivers_micro_c,
          serial_bayou_crossing
Lair:5:   hangedman_lair_tendril_chambers, layout_loops_ring, wormcave,
          lookout_lair_type, uniq_urug
Swamp:1:  layout_basic_swamp, nicolae_swamp_long_stream, swamp_pool1
Swamp:2:  layout_basic_swamp, portal_ice_cave_entry_pillars_2,
          evilmike_swamp_ruin_rubble_2
Swamp:3:  layout_basic_swamp, evilmike_swamp_ruin_house_1, swamp_pool1,
          uniq_donald
Swamp:4:  swamp, layout_basic_swamp, swamp_pool2,
          nicolae_swamp_stuck_in_the_mud, infiniplex_staircase_pool_2
Snake:1:  layout_chambers, serial_shops, shop_fountains
Snake:2:  cheibrodos_forgotten_conduit, layout_grid_maze, st_stairs_13
Snake:3:  layout_cave_pods, grunt_ministairs_1,
          nicolae_snake_ghostly_warrior_ritual, minmay_shop_grove, uniq_aizul,
          uniq_saint_roka
Snake:4:  grunt_snake_rune_spirals, layout_onion, serial_bayou_pond_d,
          uniq_vashnia, uniq_mara
Slime:1:  layout_caves
Slime:2:  layout_caves
Slime:3:  layout_caves
Slime:4:  layout_caves
Slime:5
Orc:1:    layout_diamond_mine, serial_shops, nicolae_shop_crystal,
          okawaru_metal_pillars_1_2
Orc:2:    pubby_orc_utopia

Skill      XL: |  1  2  3  4  5  6  7  8  9 10 11 12 13 14 15 16 17 18 19 |
---------------+----------------------------------------------------------+-----
Fire Magic     | 4 5 6 |  6.0
Armour         | 2 4 6 10 | 10.0
Dodging        | 2 4 |  4.1
Axes           | 5 8 12 13 16 | 16.4
Translocations | 1 2 |  2.0
Fighting       | 4 6 8 10 11 12 16 18 20 | 20.0
Evocations     | 4 |  4.0
Maces & Flails | 4 9 13 | 13.2
Throwing       | 6 9 12 | 12.0
Shields        | 6 13 14 15 16 18 | 18.9
Spellcasting   | |  1.6

Action                   |  1- 3 |  4- 6 |  7- 9 | 10-12 | 13-15 | 16-18 | 19-21 || total
-------------------------+-------+-------+-------+-------+-------+-------+-------++-------
Melee: Hand axe          |    62 |    85 |    53 |       |       |       |       ||   200
       War axe           |       |     6 |   125 |    78 |       |       |       ||   209
       Punch             |       |       |     1 |     3 |     2 |       |       ||     6
       Morningstar       |       |       |       |   402 |   921 |       |       ||  1323
       Broad axe         |       |       |       |       |   140 |   656 |    80 ||   876
       Bite              |       |       |       |       |     9 |   130 |     7 ||   146
       Flail             |       |       |       |       |       |    60 |       ||    60
       Pseudopods        |       |       |       |       |       |    63 |    26 ||    89
Throw: Boomerang         |       |       |       |    20 |    61 |    36 |    87 ||   204
       Dart              |       |       |       |       |    13 |    14 |       ||    27
       Javelin           |       |       |       |       |       |       |     1 ||     1
 Cast: Scorch            |     8 |    33 |    50 |    81 |     4 |       |       ||   176
       Apportation       |       |     2 |     1 |     5 |       |       |       ||     8
Invok: Foxfire Swarm     |     1 |       |     1 |       |       |       |       ||     2
       Fiery Armour      |       |       |     3 |     2 |       |       |       ||     5
       Oozemancy         |       |       |       |       |     8 |     2 |     1 ||    11
       Slimify           |       |       |       |       |       |       |     1 ||     1
Evoke: Wand              |       |       |     3 |     4 |    14 |       |       ||    21
       Tin of tremorston |       |       |       |       |     3 |     2 |       ||     5
       Phantom mirror    |       |       |       |       |       |     3 |     1 ||     4
       Phial of floods   |       |       |       |       |       |       |     1 ||     1
  Use: Scroll            |       |     1 |     9 |     7 |     7 |    10 |     1 ||    35
       Potion            |       |     1 |     2 |     4 |     3 |    10 |     2 ||    22
 Stab: Confused          |       |       |       |       |    14 |     1 |       ||    15
       Distracted        |       |       |       |       |       |     6 |     2 ||     8
Armor: Robe              |    11 |     3 |       |       |       |       |       ||    14
       Ring mail         |       |    63 |   157 |   195 |       |       |       ||   415
       Plate armour      |       |       |       |   211 |   669 |   485 |    28 ||  1393
Dodge: Dodged            |    34 |    43 |    92 |   305 |   155 |   105 |    15 ||   749
Block: Tower shield      |       |       |       |       |   804 |   874 |    87 ||  1765

Table legend: (Time is in decaauts)
 A = Elapsed time spent in this place.
 B = Non-inter-level travel time spent in this place.
 C = Inter-level travel time spent in this place.
 D = Time resting spent in this place.
 E = Time spent auto-exploring this place.
 F = Levels seen in this place.
 G = Mean time per level.
                   A        B        C        D        E       F      G
               +--------+--------+--------+--------+--------+-----+--------+
         Total |  12869 |   6241 |   6628 |      0 |      4 |  34 |  378.5 |
       Dungeon |   5255 |   2035 |   3220 |      0 |      0 |  13 |  404.2 |
          Lair |   2865 |   1272 |   1593 |      0 |      0 |   5 |  573.0 |
         Swamp |   1438 |    840 |    598 |      0 |      0 |   4 |  359.5 |
     Snake Pit |   1458 |    836 |    622 |      0 |      0 |   4 |  364.5 |
    Slime Pits |    164 |     24 |    140 |      0 |      0 |   5 |   32.8 |
  Orcish Mines |   1168 |    713 |    455 |      0 |      4 |   2 |  584.0 |
      Ice Cave |    518 |    518 |      0 |      0 |      0 |   1 |  518.0 |
               +--------+--------+--------+--------+--------+-----+--------+

Top non-repeatable levels by time:
   Orc:2: 1015 daAuts
  Lair:5: 933 daAuts
     D:8: 771 daAuts
     D:3: 651 daAuts
 Swamp:4: 639 daAuts
  Lair:3: 602 daAuts
     D:9: 579 daAuts
 Snake:4: 548 daAuts
    D:10: 523 daAuts
   IceCv: 518 daAuts
  Lair:2: 501 daAuts
    D:11: 496 daAuts
     D:1: 476 daAuts
    D:12: 447 daAuts
     D:2: 436 daAuts
